 Dungeon Crawl Stone Soup version 0.30-a0-989-g0d87f670db (webtiles) character file.

Game seed: 18031104336147660309

4 NinjaNoafa the Insei (level 1, -1/19 HPs)
             Began as an Octopode Transmuter on Apr 2, 2023.
             Slain by a goblin
             ... wielding a +0 club
              (4 damage)
             ... on level 1 of the Dungeon.
             The game lasted 00:01:05 (93 turns).

NinjaNoafa the Insei (Octopode Transmuter)            Turns: 93, Time: 00:01:05

Health: -1/19      AC: 20    Str:  9    XL:     1   Next: 70%
Magic:  2/3        EV:  2    Int: 15    God:
Gold:   27         SH:  0    Dex: 12    Spells: 3/4 levels left

rFire   . . .      SeeInvis .      - Unarmed
rCold   . . .      Faith    .    (no shield)
rNeg    . . .      Spirit   .    (helmet currently unavailable)
rPois   +          Reflect  .    (no amulet)
rElec   .          Rampage  .    (no ring)
rCorr   .          NoTele   +    (no ring)
Will    .....                    (no ring)
Stlth   +                        (no ring)
HPRegen 0.23/turn                (no ring)
MPRegen 0.08/turn                (no ring)
                                 (no ring)
                                 (no ring)

@: tree-form
A: stationary, stasis, torment immunity, boosted hp, almost no armour,
(amphibious), 8 rings, (camouflage 1), (gelatinous body 1), (nimble swimmer 1),
(tentacles)
a: no special abilities


You were on level 1 of the Dungeon.
You were a tree.
You visited 1 branch of the dungeon, and saw 1 of its levels.

You collected 27 gold pieces.

Inventory:

Potions
 b - a potion of attraction {unknown}


   Skills:
 - Level 1.0 Fighting
 - Level 2.0 Dodging
 - Level 3.0 Unarmed Combat
 + Level 2.2 Spellcasting
 + Level 2.2 Transmutations


You had 3 spell levels left.
You knew the following spells:

 Your Spells              Type           Power      Damage    Failure   Level
a - Beastly Appendage     Tmut           16%        N/A       9%          1

Your spell library contained the following spells:

 Spells                   Type           Power      Damage    Failure   Level
 Wereblood                Tmut           8%         N/A       13%         2
 Spider Form              Tmut/Pois      5%         N/A       38%         3
 Ice Form                 Ice/Tmut       5%         N/A       80%         4


Dungeon Overview and Level Annotations

Branches:
Dungeon (1/15)

Altars:


Innate Abilities, Weirdness & Mutations

You are a tree.
Your roots penetrate the ground, keeping you stationary.
You cannot be teleported.
You are immune to unholy pain and torment.
Your maximum health is greatly increased.
You cannot wear most types of armour.
((You are amphibious.))
You can wear up to eight rings at the same time.
((Your skin changes colour to match your surroundings (Stealth+).))
((Your rubbery body absorbs attacks. (AC +1, EV +1)))
((You are camouflaged when in or above water. (Stealth+)))
((You have tentacles for arms and can constrict up to eight enemies at once.))


Message History

Confirm with . or Enter, or press ? or * to list all spells.
One of your tentacles grows a vicious spike.
Found a club.
The helpless endoplasm fails to defend itself.
You tentacle-slap the endoplasm. x2
The endoplasm is heavily wounded.
The endoplasm freezes you.
You are frozen.
You tentacle-slap the endoplasm.
You pierce the endoplasm.
You kill the endoplasm!
A goblin comes into view. It is wielding a +0 club.
Found 6 gold pieces.
You see here a dark potion.
A quokka and a goblin come into view.
The goblin shouts!
You hear an angry hiss.
You hear a shout!
The goblin shouts!
The goblin hits you with a +0 club.
* * * LOW HITPOINT WARNING * * *
You see here 6 gold pieces.
You tentacle-slap the goblin but do no damage.
Your grab misses the goblin. You squeeze the goblin.
The goblin is severely wounded.
A hobgoblin comes into view.
The goblin hits you with a +0 club.
* * * LOW HITPOINT WARNING * * *
Really quaff the potion of lignification?
Your tentacle spike disappears.
You turn into a tree.
Your roots penetrate the ground.
The hobgoblin hits you but does no damage.
The goblin hits you but does no damage.
You hit the hobgoblin.
The hobgoblin is moderately wounded.
The quokka bites you but does no damage.
The hobgoblin hits you but does no damage.
The goblin hits you but does no damage.
You smack the hobgoblin!
You kill the hobgoblin!
The quokka bites you but does no damage.
A frilled lizard comes into view.
The goblin hits you with a +0 club.
You die...

## #.# ##. #.#######
## #.#####.......#
#..
#.......###.#.###
#..###.####### ...
#......# #.. ...
#.##.#.# #.# #g#
##....#.######.g#r##
..........#....#♣#$#
##........#.#.###l#
#..............#.##
#.........###.....#
#.........#
#.###)..#
#.##.####.# #.# ####
#.##.####.###.#
#.............#
####.####.#####


You could see a quokka, 2 goblins and a frilled lizard (wandering).

Vanquished Creatures
  3 endoplasms (D:1)
  A hobgoblin (D:1)
  A bat (D:1)
5 creatures vanquished.

Vanquished Creatures (others)
  A plant (D:1)
1 creature vanquished.

Grand Total: 6 creatures vanquished

Notes
Turn   | Place    | Note
-------+----------+-------------------------------------------
     0 | D:1      | NinjaNoafa the Octopode Transmuter began the quest for the
                  | Orb.
     0 | D:1      | Reached XP level 1. HP: 13/13 MP: 3/3
    93 | D:1      | Slain by a goblin

Illustrated notes

Levels and vault maps discovered:
D:1:      co_arrival_hexagon_in_a_hexagon, layout_loops_ring, serial_bayou,
          serial_bayou_shore_a, serial_bayou_shore_b, serial_bayou_lagoon_b,
          serial_bayou_pond_d, serial_bayou_ford_a, serial_bayou_lake_a,
          minmay_pentomino_x4

Action                     || total
---------------------------++-------
  Melee: Unarmed           ||    12
         Kick              ||     3
         Constrict         ||     1
         Punch             ||     1
         Tentacles         ||     1
   Cast: Beastly Appendage ||     2
    Use: Potion            ||     1
   Stab: Sleeping          ||     1
 Armour: Skin              ||     6
  Dodge: Dodged            ||     6

Table legend: (Time is in decaauts)
 A = Elapsed time spent in this place.
 B = Non-inter-level travel time spent in this place.
 C = Inter-level travel time spent in this place.
 D = Time resting spent in this place.
 E = Time spent auto-exploring this place.
 F = Levels seen in this place.
 G = Mean time per level.
                   A        B        C        D        E       F      G
               +--------+--------+--------+--------+--------+-----+--------+
         Total |     92 |     92 |      0 |      0 |     60 |   1 |   92.0 |
       Dungeon |     92 |     92 |      0 |      0 |     60 |   1 |   92.0 |
               +--------+--------+--------+--------+--------+-----+--------+

Top non-repeatable levels by time:
     D:1: 92 daAuts
